 Dungeon Crawl Stone Soup version 0.22.1-2-g9c5b331383 (webtiles) character file.

80 Revguard the Chopper (level 4, -4/34 HPs)
             Began as a Demonspawn Gladiator on Dec 1, 2018.
             Slain by a gnoll (8 damage)
             ... on level 2 of the Dungeon on Dec 2, 2018.
             The game lasted 00:04:43 (1000 turns).

Revguard the Chopper (Demonspawn Gladiator)         Turns: 1000, Time: 00:04:44

Health: -4/34      AC:  4    Str: 16    XL:     4   Next: 18%
Magic:  3/3        EV: 13    Int:  9    God:
Gold:   54         SH:  0    Dex: 14    Spells: 3/3 levels left

rFire    . . .     SeeInvis .   a - +0 war axe
rCold    . . .     Gourm    .   (no shield)
rNeg     . . .     Faith    .   b - +0 leather armour
rPois    .         Spirit   .   c - +0 helmet
rElec    .         Reflect  .   (no cloak)
rCorr    .         Harm     .   (no gloves)
MR       .....                  (no boots)
Stlth    +.........             (no amulet)
HPRegen  0.11/turn              k - ring of wizardry
MPRegen  0.08/turn              (no ring)

@: very slightly contaminated, glowing, invisible (but backlit and visible)
A: low mp 1, powered by death 2, wild magic 1, MP-powered wands
a: no special abilities


You were on level 2 of the Dungeon.
You were not hungry.

You visited 1 branch of the dungeon, and saw 2 of its levels.

You collected 54 gold pieces.

Inventory:

Hand Weapons
 a - a +0 war axe (weapon)
Missiles
 d - 3 throwing nets (quivered)
Armour
 b - a +0 leather armour (worn)
 c - a +0 helmet (worn)
Jewellery
 k - a ring of wizardry (left hand)
Scrolls
 g - a scroll of teleportation {unknown}
 h - 2 scrolls of magic mapping {unknown}
 i - a scroll of identify {unknown}
 j - a scroll of fear {unknown}
 l - a scroll of enchant armour {unknown}
Comestibles
 f - 3 rations


   Skills:
 + Level 2.3 Fighting
 + Level 3.7 Axes
 - Level 1.7 Throwing
 * Level 1.6 Armour
 + Level 3.0 Dodging


You had 3 spell levels left.
You didn't know any spells.
Your spell library contained the following spells:

 Spells                   Type           Power        Failure   Level  Hunger
 Confusing Touch          Hex            #.....       26%         1    ##.....
 Confuse                  Hex            #.......     56%         3    ####...
 Gell's Gravitas          Tloc           #.........   56%         3    ####...
 Petrify                  Tmut/Erth      #.......     89%         4    #####..
 Metabolic Englaciation   Hex/Ice        #.........   99%         5    ######.
 Yara's Violent Unravell  Hex/Tmut       #.........   99%         5    ######.


Dungeon Overview and Level Annotations

Branches:
Dungeon (2/15)

Altars:


Innate Abilities, Weirdness & Mutations

You regenerate health from kills.
Your magical capacity is low. (-10% MP)
Your spells are a little harder to cast, but a little more powerful.
You expend magic power (3 MP) to strengthen your wands.


Message History

The gnoll hits you.
* * * LOW HITPOINT WARNING * * *
It was a potion of curing.
You feel better. The gnoll barely misses you.
It was a potion of mutation.
You feel extremely strange.
You feel your magical essence link to your wands.
You feel less energetic.
You feel less in control of your magic. The gnoll hits you!
* * * LOW HITPOINT WARNING * * *
The gnoll hits you.
* * * LOW HITPOINT WARNING * * *
You feel better. The gnoll hits you!
* * * LOW HITPOINT WARNING * * *
It was a potion of invisibility.
You become transparent, but the glow from your corona prevents you from The gnoll closely misses you. x2
You are very lightly contaminated with residual magic.
You hit the gnoll.
The gnoll is almost dead.
The gnoll hits you!
You die...

#.# #######.#
#.†.....# ###
#.####### #..
#.# #.# #.#
#g# #.# #g#
#.# #g# #.#
#@#
#.#########.#
#...........#
#############


You could see 3 gnolls.

Vanquished Creatures
  A gnoll shaman (D:2)
  An adder (D:2)
  A gnoll (D:2)
  A dart slug (D:1)
  A leopard gecko (D:2)
  3 giant cockroaches
  2 goblins (D:1)
  4 hobgoblins
  2 kobolds
  7 bats
  A frilled lizard (D:1)
  4 rats
28 creatures vanquished.

Notes
Turn   | Place    | Note
-------+----------+-------------------------------------------
     0 | D:1      | Revguard the Demonspawn Gladiator began the quest for the
                  | Orb.
     0 | D:1      | Reached XP level 1. HP: 16/16 MP: 1/1
   127 | D:1      | Gained mutation: You regenerate a little health from kills.
                  | [demonic ancestry]
   127 | D:1      | Reached XP level 2. HP: 17/22 MP: 2/2
   618 | D:2      | Reached skill level 1 in Armour
   629 | D:2      | Reached XP level 3. HP: 9/27 MP: 3/3
   989 | D:2      | Gained mutation: You regenerate health from kills. [demonic
                  | ancestry]
   989 | D:2      | Reached XP level 4. HP: 21/34 MP: 4/4
   997 | D:2      | Gained mutation: You expend magic power (3 MP) to
                  | strengthen your wands. [potion of mutation]
   997 | D:2      | Gained mutation: Your magical capacity is low. (-10% MP)
                  | [potion of mutation]
   997 | D:2      | Gained mutation: Your spells are a little harder to cast,
                  | but a little more powerful. [potion of mutation]
   997 | D:2      | HP: 1/34 [gnoll (2)]
  1000 | D:2      | Slain by a gnoll

Skill      XL: |  1  2  3 |
---------------+----------+-----
Axes           | 3 |  3.7
Armour         | 1 |  1.6
Dodging        | 3 |  3.0
Fighting       | |  2.3
Throwing       | |  1.7

Action                   |  1- 3 |  4- 6 || total
-------------------------+-------+-------++-------
Melee: War axe           |    77 |     7 ||    84
  Use: Potion            |       |     4 ||     4
Armor: Leather armour    |    41 |     1 ||    42
Dodge: Dodged            |    82 |     9 ||    91
